 Dungeon Crawl Stone Soup version 0.29.1-14-g9c671dbff4 (webtiles) character file.

Game seed: 1025681042156047439

116478 cdecastro the Severer (level 16, -1/151 HPs)
             Began as a Hill Orc Fighter on Feb 14, 2023.
             Was the Champion of Qazlal.
             Slain by a redback (3 damage)
             ... on level 3 of the Spider Nest.
             The game lasted 01:34:17 (41558 turns).

cdecastro the Severer (Hill Orc Fighter)           Turns: 41558, Time: 01:34:20

Health: -1/151     AC: 21    Str: 24 (25) XL:     16   Next: 71%
Magic:  0/28       EV:  9    Int:  5 (8)  God:    Qazlal [******]
Gold:   1556       SH:  8    Dex: 13 (15) Spells: 15/15 levels left

rFire   . . .      SeeInvis .   a - +1 battleaxe (elec)
rCold   + . .      Faith    .   (shield currently unavailable)
rNeg    . . .      Spirit   .   S - +1 chain mail {Will+}
rPois   +          Reflect  .   W - +2 helmet of Imperfection {Will+ Dex+3}
rElec   .          Harm     .   f - +2 cloak
rCorr   .          Rampage  .   (no gloves)
Will    +++..                   T - +2 pair of boots {Fly}
Stlth   ..........              (no amulet)
HPRegen 0.35/turn               i - +4 ring of slaying
MPRegen 0.21/turn               U - ring of poison resistance

@: protected from cold, corroded, flying, repel missiles
A: no striking features
a: Renounce Religion, Upheaval, Elemental Force, Disaster Area


You were on level 3 of the Spider Nest.
You worshipped Qazlal.
Qazlal was exalted by your worship.
You visited 5 branches of the dungeon, and saw 26 of its levels.
You also visited: Ossuary.

You collected 2033 gold pieces.
You spent 477 gold pieces at shops.

Inventory:

Hand Weapons
 a - a +1 battleaxe of electrocution (weapon)
 b - a +3 longbow of freezing
 c - a +3 vorpal trident
 z - a +3 longbow of flaming
Armour
 f - a +2 cloak (worn)
 S - a +1 chain mail of willpower (worn)
 T - a +2 pair of boots of flying (worn)
 W - the +2 helmet of Imperfection (worn) {Will+ Dex+3}
   (You bought it in a shop on level 9 of the Dungeon)

   Dex:       It affects your dexterity (+3).
   Will:      It increases your willpower.
Jewellery
 h - a +6 ring of strength
 i - a +4 ring of slaying (left hand)
 p - a ring of ice
 v - a +4 ring of evasion
 E - a ring of protection from fire
 U - a ring of poison resistance (right hand)
 V - a ring of see invisible
 Y - a ring of positive energy
Wands
 o - a wand of polymorph (26)
 w - a wand of paralysis (18)
 A - a wand of acid (5)
 D - a wand of flame (26)
 F - a wand of iceblast (17)
 J - a wand of digging (5)
Scrolls
 e - 6 scrolls of magic mapping
 k - 20 scrolls of teleportation
 n - 7 scrolls of blinking
 u - 4 scrolls of immolation
 y - 3 scrolls of fear
 C - a scroll of summoning
 H - 2 scrolls of fog
 I - 6 scrolls of identify
 N - 4 scrolls of poison
Potions
 d - 2 potions of might
 g - 10 potions of curing
 l - 3 potions of attraction
 m - 3 potions of heal wounds
 t - 4 potions of magic
 B - 6 potions of brilliance
 G - 4 potions of resistance
 K - 4 potions of invisibility
 L - a potion of berserk rage
 M - 5 potions of lignification
 O - 5 potions of haste
 R - a potion of cancellation
Miscellaneous
 r - a tin of tremorstones (2/2)
 P - a phial of floods


   Skills:
 + Level 16.3 Fighting
 - Level 20.0 Axes
 - Level 10.0 Ranged Weapons
 - Level 15.0 Armour
 - Level 3.2 Shields
 - Level 16.0 Invocations
 - Level 5.0 Evocations


You had 15 spell levels left.
You didn't know any spells.
Your spell library contained the following spells:

 Spells                   Type           Power      Damage    Failure   Level
 Apportation              Tloc           0%         N/A       92%         1
 Foxfire                  Conj/Fire      0%         2x1d4     92%         1
 Necrotise                Necr           0%         1d4       92%         1
 Sandblast                Erth           0%         2d4       92%         1
 Shock                    Conj/Air       0%         1d3       92%         1
 Sting                    Tmut/Pois      0%         1d3       92%         1
 Summon Small Mammal      Summ           0%         N/A       92%         1
 Poisonous Vapours        Pois/Air       0%         N/A       98%         2
 Scorch                   Fire           0%         2d5       98%         2
 Sublimation of Blood     Necr           0%         N/A       98%         2
 Call Canine Familiar     Summ           0%         N/A       100%        3
 Conjure Flame            Conj/Fire      0%         6-21      100%        3
 Dazzling Flash           Conj/Hex       0%         N/A       100%        3
 Inner Flame              Hex/Fire       0%         N/A       100%        3
 Ozocubu's Armour         Ice            0%         N/A       100%        3
 Summon Guardian Golem    Hex/Summ       0%         N/A       100%        3
 Swiftness                Air            0%         N/A       100%        3
 Vampiric Draining        Necr           0%         2d6       100%        3
 Airstrike                Air            0%         2d(0-16)  100%        4
 Animate Armour           Summ/Erth      0%         N/A       100%        4
 Animate Dead             Necr           0%         N/A       100%        4
 Flame Wave               Conj/Fire      0%         2d4       100%        4
 Olgreb's Toxic Radiance  Pois           0%         N/A       100%        4
 Petrify                  Tmut/Erth      0%         N/A       100%        4
 Agony                    Necr           0%         N/A       100%        5
 Blade Hands              Tmut           0%         N/A       100%        5
 Borgnjor's Vile Clutch   Necr/Erth      0%         N/A       100%        5
 Irradiate                Conj/Tmut      0%         3d11      100%        5
 Metabolic Englaciation   Hex/Ice        0%         N/A       100%        5
 Silence                  Hex/Air        0%         N/A       100%        5
 Death Channel            Necr           0%         N/A       100%        6
 Iron Shot                Conj/Erth      0%         9d1       100%        6
 Simulacrum               Ice/Necr       0%         N/A       100%        6
 Summon Cactus Giant      Summ           0%         N/A       100%        6
 Dragon Form              Tmut           0%         N/A       100%        7
 Ozocubu's Refrigeration  Ice            0%         4d7       100%        7
 Ignition                 Fire           0%         3d3       100%        8
 Shatter                  Erth           0%         3d5*      100%        9


Dungeon Overview and Level Annotations

Branches:
Dungeon (15/15)            Temple (1/1) D:5            Lair (5/5) D:9
  Swamp (0/4) Lair:2       Spider (2/4) Lair:3        Slime (0/5) Lair:4
    Orc (2/2) D:11            Elf (0/3) Orc:2        Vaults (0/5) D:13
 Depths (0/4) D:15        Ossuary (visited)

Altars:
Ashenzari
Cheibriados
Dithmenos
Elyvilon
Fedhas
Gozag
Hepliaklqana
Kikubaaqudgha
Makhleb
Nemelex Xobeh
Okawaru
Qazlal
Ru
Sif Muna
Trog
Uskayaw
Vehumet
Wu Jian
Xom
Yredelemnul
Zin
The Shining One
Jiyva
Lugonu

Shops:
D:9 [   D:10 (   Orc:2 ((((![[:

Portals:
Abyss: Lair:3 Lair:5


Message History

You hear a faint skittering sound.
You feel you are being watched by something.
Something hits you but does no damage. Something completely misses you.
Something stings you!
* * * LOW HITPOINT WARNING * * *
The redback bites you but does no damage.
The jumping spider leaps!
The culicivora simulacrum bites you but does no damage.
You slash the culicivora simulacrum!
Lightning courses through the culicivora simulacrum!
The culicivora simulacrum vaporises!
You barely miss the redback. You closely miss something.
You hear a faint skittering sound.
The redback bites you.
* * * LOW HITPOINT WARNING * * *
You feel you are being watched by something.
Something hits you but does no damage. x2; Something completely misses you.
You closely miss the redback. You barely miss something.
The redback bites you but does no damage.
The jumping spider leaps!
Something hits you but does no damage. You block something's attack.
Something stings you but does no damage.
Unknown command.
You barely miss the redback. You closely miss something. The redback bites you!
* * * LOW HITPOINT WARNING * * *
You feel you are being watched by something.
You feel your power leaking away. Something hits you!
* * * LOW HITPOINT WARNING * * *
Something hits you but does no damage. Something stings you.
* * * LOW HITPOINT WARNING * * *
You feel clumsy.
You feel much better. You block the redback's attack. Something hits you!
* * * LOW HITPOINT WARNING * * *
You feel clumsy. Something hits you.
* * * LOW HITPOINT WARNING * * *
Something stings you but does no damage.
The redback bites you.
You die...

..#^ #...... ....
##..#...
.^.#######.......
#........#..^....
##................
#...##..........##
#°§##.##...^.#.#
#.(#####s....##.##.##.##
#^...°.@§s......##....##
####..○##...............
#####.......^........
###....##.#...^..
####.########## ###


You could see a jumping spider (soul bound) and a redback.

Vanquished Creatures
  Jorgrun (D:11)
  A ghost moth (Spider:2)
  A broodmother (Spider:1)
  Nessos (D:12)
  2 entropy weavers
  Snorg (Lair:4)
  Fannar (D:11)
  A rakshasa (D:13)
  4 ogre magi
  2 vault guards (D:13)
  2 boulder beetles
  A catoblepas (D:11)
  8 hydras
  16 two-headed ogres
  7 centaur warriors
  2 tengu warriors
  2 orc high priests
  A vampire mage (D:15)
  5 death yaks (Lair:3)
  3 thrashing horrors (Lair:5)
  The ghost of mkat the Poker, a novice GrMo of Sif Muna (D:10)
  Urug (Orc:1)
  4 pharaoh ants
  2 skeletal warriors (D:15)
  3 orb spiders
  2 steelbarb worms
  A bog body (Lair:2)
  4 wizards
  2 tengu zombies (D:15)
  5 necromancers
  An orc knight (D:15)
  2 deep elf pyromancers (D:12)
  The ghost of xian the Shooter, a novice DsHu of Fedhas (D:7)
  An orc sorcerer (Orc:1)
  9 wolf spiders
  8 cyclopes
  An iron dragon zombie (D:15)
  3 manticores
  11 ugly things
  2 moths of wrath
  2 torpor snails
  5 black mambas
  2 gargoyles
  8 cane toads
  3 smoke demons (Lair:5)
  8 komodo dragons
  2 demonic crawlers
  An unseen horror (D:13)
  4 efreet
  4 rime drakes
  A yaktaur (shapeshifter) (Lair:5)
  3 tengu conjurers
  3 ancient zymes (Lair:5)
  A queen bee (Lair:1)
  2 trolls
  A tarantella (shapeshifter) (D:14)
  11 tarantellas
  3 polar bears
  3 hornets
  19 blink frogs
  6 slime creatures
  A snapping turtle (shapeshifter) (D:13)
  11 jumping spiders
  10 culicivoras
  A ynoxinul (Lair:5)
  3 large abominations (Lair:5)
  2 spriggans (Lair:5)
  A vampire (D:11)
  A wraith (D:12)
  A shadow (D:11)
  9 wyverns
  16 humans (D:13)
  6 basilisks
  26 yaks
  12 redbacks
  Grum (Lair:1)
  5 vampire mosquitoes
  A chaos spawn (Lair:5)
  A steam dragon (D:7)
  A human zombie (D:15)
  3 wargs (Orc:1)
  2 acid dragons
  12 water moccasins
  10 orc warriors
  A sky beast (D:7)
  4 ice beasts
  22 wolves
  A black bear (D:4)
  30 ogres
  A boggart (D:11)
  16 centaurs
  3 kobold brigands
  16 bullfrogs
  4 gnoll sergeants
  9 small abominations (Lair:5)
  2 necrophages
  4 scorpions
  2 water moccasin zombies (Ossuary)
  5 wights (D:8)
  A hornet simulacrum (D:15)
  3 jellies
  6 killer bees (D:10)
  7 electric eels
  8 howler monkeys
  3 vampire bats (Lair:2)
  A centaur zombie (D:7)
  11 orc priests
  9 hounds
  11 iguanas
  Ijyb (D:3)
  17 orc wizards
  Natasha (thrice) (D:2)
  3 polar bear simulacra (Lair:2)
  5 yak simulacra (Lair:2)
  2 wolf simulacra (Lair:2)
  Robin (D:3)
  A howler monkey zombie (D:7)
  3 mummies
  18 gnolls
  6 adders
  2 shadow imps
  3 white imps
  2 howler monkey simulacra (D:7)
  4 adder zombies (Ossuary)
  A worm (D:2)
  3 dart slugs
  66 orcs
  9 bats
  5 endoplasms
  4 giant cockroaches
  13 goblins
  13 hobgoblins
  6 jackals
  2 quokkas
  5 ball pythons
  4 frilled lizards
  3 gnoll zombies (Ossuary)
  2 hobgoblin zombies (Ossuary)
  19 kobolds
  8 kobold zombies (Ossuary)
  4 orc zombies (Ossuary)
  3 rats
  A river rat simulacrum (Lair:2)
  A lurking horror (Lair:3)
777 creatures vanquished.

Vanquished Creatures (others)
  An orc priest (Orc:1)
  23 fungi
  27 plants
  9 withered plants (D:15)
60 creatures vanquished.

Grand Total: 837 creatures vanquished

Notes
Turn   | Place    | Note
-------+----------+-------------------------------------------
     0 | D:1      | cdecastro the Hill Orc Fighter began the quest for the Orb.
     0 | D:1      | Reached XP level 1. HP: 19/19 MP: 1/1
    42 | D:1      | Reached skill level 3 in Axes
   296 | D:1      | Reached XP level 2. HP: 26/26 MP: 2/2
   435 | D:1      | Reached skill level 4 in Axes
   752 | D:2      | Found a faded altar of an unknown god.
   790 | D:2      | Reached XP level 3. HP: 31/31 MP: 3/3
  1083 | D:2      | Noticed Natasha
  1092 | D:2      | Killed Natasha
  1093 | D:2      | Reached skill level 5 in Axes
  1093 | D:2      | Reached XP level 4. HP: 13/39 MP: 4/4
  1537 | D:2      | Noticed Natasha
  1549 | D:2      | Killed Natasha
  1550 | D:2      | Reached skill level 6 in Axes
  1569 | D:2      | Noticed Natasha
  1705 | D:2      | Killed Natasha
  1706 | D:2      | Reached XP level 5. HP: 36/45 MP: 5/5
  1843 | D:3      | Noticed Robin
  2016 | D:3      | Killed Robin
  2059 | D:3      | Reached skill level 7 in Axes
  2155 | D:3      | Noticed Ijyb
  2173 | D:3      | Killed Ijyb
  2319 | D:3      | Found a bloodstained altar of Trog.
  2382 | D:3      | Found a white marble altar of Elyvilon.
  2548 | D:3      | Found a stormy altar of Qazlal.
  2563 | D:3      | Found a radiant altar of Vehumet.
  2939 | D:3      | Became a worshipper of Qazlal Stormbringer
  3019 | D:4      | Reached skill level 8 in Axes
  3019 | D:4      | Reached XP level 6. HP: 51/51 MP: 6/6
  3350 | D:4      | Got the Grimoire of the Ground
  3377 | D:4      | Found a shimmering altar of Xom.
  3540 | D:4      | Noticed a black bear
  3549 | D:4      | Killed a black bear
  3550 | D:4      | Reached skill level 9 in Axes
  3829 | D:5      | Entered Level 5 of the Dungeon
  4188 | D:5      | Reached XP level 7. HP: 57/57 MP: 7/7
  4216 | D:5      | Found a hazy altar of Hepliaklqana.
  4246 | D:5      | Reached skill level 10 in Axes
  4564 | D:5      | Reached skill level 5 in Fighting
  4860 | D:5      | Found a basalt altar of Yredelemnul.
  4954 | D:5      | Reached XP level 8. HP: 28/73 MP: 8/8
  5280 | D:5      | Found a staircase to the Ecumenical Temple.
  5323 | Temple   | Entered the Ecumenical Temple
  5555 | D:5      | Reached * piety under Qazlal
  5849 | D:5      | Noticed a hornet
  5858 | D:5      | Killed a hornet
  6285 | D:5      | Noticed a troll
  6299 | D:5      | Killed a troll
  6300 | D:5      | Reached skill level 10 in Fighting
  6308 | D:5      | Found an ornate altar of the Wu Jian Council.
  6330 | D:5      | Noticed a wyvern
  6346 | D:5      | Killed a wyvern
  6347 | D:5      | Reached XP level 9. HP: 50/85 MP: 9/9
  6653 | D:5      | Reached skill level 11 in Axes
  6868 | D:5      | Reached skill level 12 in Axes
  7328 | D:6      | Found a sand-covered staircase.
  7445 | Ossuary  | Entered an ossuary
  7569 | Ossuary  | Reached skill level 13 in Axes
  7593 | Ossuary  | Reached ** piety under Qazlal
  8139 | D:6      | Found a burning altar of Makhleb.
  8290 | D:6      | Found an opulent altar of Gozag.
  8686 | D:7      | Reached skill level 14 in Axes
  8833 | D:7      | Reached XP level 10. HP: 38/93 MP: 10/10
  9097 | D:7      | Noticed a centaur warrior
  9107 | D:7      | Killed a centaur warrior
  9108 | D:7      | Reached skill level 15 in Axes
  9419 | D:7      | Reached *** piety under Qazlal
  9427 | D:7      | Reached skill level 16 in Axes
  9927 | D:7      | Reached skill level 5 in Armour
 10110 | D:7      | Found a runed translucent gate.
 10110 | D:7      | Found a runed translucent gate.
 10113 | D:7      | Noticed xian's ghost (novice DsHu)
 10114 | D:7      | Found a runed translucent gate.
 11103 | D:8      | Reached **** piety under Qazlal
 12406 | D:9      | Reached XP level 11. HP: 90/99 MP: 11/11
 12553 | D:9      | Found Zezxib's Antique Armour Shoppe.
 12559 | D:9      | Bought a shimmering helmet for 237 gold pieces
 12559 | D:9      | Identified the +2 helmet of Imperfection {Will+ Dex+3} (You
                  | bought it in a shop on level 9 of the Dungeon)
 12581 | D:9      | Found a glowing silver altar of Zin.
 12874 | D:9      | Found a staircase to the Lair.
 13055 | D:10     | Entered Level 10 of the Dungeon
 13151 | D:10     | Reached skill level 10 in Armour
 13151 | D:10     | Reached skill level 1 in Invocations
 13206 | D:10     | Noticed a two-headed ogre
 13216 | D:10     | Killed a two-headed ogre
 13217 | D:10     | Reached skill level 5 in Invocations
 13337 | D:10     | Found a blossoming altar of Fedhas.
 13473 | D:10     | Noticed a moth of wrath
 13474 | D:10     | Found a transporter.
 13479 | D:10     | Found a transporter.
 13482 | D:10     | Noticed mkat's ghost (novice GrMo)
 13517 | D:10     | Found Atoy's Antique Weapon Shop.
 14186 | D:11     | Reached ***** piety under Qazlal
 14820 | D:11     | Noticed a cyclops
 14850 | D:11     | Killed a cyclops
 15089 | D:11     | Found a staircase to the Orcish Mines.
 15146 | D:11     | Noticed a centaur warrior
 15147 | D:11     | Noticed a centaur warrior
 15151 | D:11     | Noticed a catoblepas
 15161 | D:11     | Killed a centaur warrior
 15162 | D:11     | Reached skill level 10 in Invocations
 15170 | D:11     | Killed a centaur warrior
 15447 | D:11     | Killed a catoblepas
 15448 | D:11     | Reached XP level 12. HP: 71/110 MP: 19/19
 16193 | D:11     | Noticed a tengu warrior
 16220 | D:11     | Killed a tengu warrior
 16648 | D:12     | Noticed a boulder beetle
 16663 | D:12     | Killed a boulder beetle
 17163 | D:12     | Noticed a six-headed hydra
 17210 | D:12     | Killed a six-headed hydra
 18440 | D:13     | Noticed Nessos
 18452 | D:13     | Noticed a rakshasa
 19225 | D:13     | Reached skill level 15 in Fighting
 19381 | D:13     | Killed a rakshasa
 20234 | D:13     | Noticed a vault guard
 20243 | D:13     | Reached XP level 13. HP: 121/126 MP: 20/22
 20251 | D:13     | Killed a vault guard
 20289 | D:13     | Noticed a vault guard
 20299 | D:13     | Killed a vault guard
 20300 | D:13     | Reached skill level 5 in Ranged Weapons
 20548 | D:13     | Found a gate to the Vaults.
 20872 | D:7      | Killed xian's ghost
 21266 | D:14     | Reached skill level 17 in Axes
 21891 | D:14     | Reached skill level 18 in Axes
 22912 | D:14     | Reached skill level 19 in Axes
 23045 | D:15     | Entered Level 15 of the Dungeon
 23368 | D:15     | Reached XP level 14. HP: 134/135 MP: 23/23
 24125 | D:15     | Reached skill level 20 in Axes
 25018 | D:15     | Found a staircase to the Depths.
 25528 | D:12     | Killed Nessos
 25729 | Orc:1    | Entered Level 1 of the Orcish Mines
 25730 | Orc:1    | Noticed Jorgrun
 25795 | Lair:1   | Entered Level 1 of the Lair of Beasts
 26009 | Lair:1   | Noticed Sonja
 26024 | Lair:1   | Noticed Sonja
 26024 | Lair:1   | Sonja changed into Sonja the queen bee
 26029 | Lair:1   | Killed Sonja the queen bee
 26274 | Lair:1   | Noticed Grum
 26281 | Lair:1   | Killed Grum
 28010 | Lair:2   | Found a staircase to the Swamp.
 28156 | Lair:2   | You fall into a shaft and drop 2 floors!
 28177 | Lair:4   | Noticed Snorg
 28193 | Lair:4   | Killed Snorg
 28322 | Lair:4   | Found a staircase to the Slime Pits.
 28325 | Lair:4   | Found a viscous altar of Jiyva.
 28690 | Lair:3   | Found a one-way gate to the infinite horrors of the Abyss.
 28741 | Lair:3   | Found a corrupted altar of Lugonu.
 29168 | Lair:3   | Found a hole to the Spider Nest.
 29361 | Lair:3   | Reached ****** piety under Qazlal
 31181 | Lair:4   | Reached XP level 15. HP: 141/141 MP: 24/24
 31274 | Lair:4   | Reached skill level 15 in Armour
 31657 | Lair:5   | Entered Level 5 of the Lair of Beasts
 34007 | Lair:5   | Found a corrupted altar of Lugonu.
 34549 | D:10     | Killed mkat's ghost
 34565 | D:10     | Identified the +0 helmet of a Labyrinth {Rampage *Corrode
                  | rPois}
 34735 | Orc:1    | Noticed Fannar
 34894 | D:11     | Killed Fannar
 34962 | D:11     | Killed Jorgrun
 35052 | Orc:1    | Noticed Urug
 35062 | Orc:1    | Killed Urug
 35093 | Orc:1    | Reached skill level 10 in Ranged Weapons
 35357 | Orc:1    | Found a radiant altar of Vehumet.
 35457 | Orc:2    | Entered Level 2 of the Orcish Mines
 35457 | Orc:2    | Found Yhiwak's Weapon Emporium.
 35466 | Orc:2    | Found Mawk's Weapon Shoppe.
 36567 | Orc:1    | Reached XP level 16. HP: 117/149 MP: 26/26
 36859 | Orc:2    | Found Keew Raik's Antique Weapon Boutique.
 36958 | Orc:2    | Reached skill level 15 in Invocations
 37390 | Orc:2    | Found a staircase to the Elven Halls.
 37408 | Orc:2    | Found Womas's Book Boutique.
 37423 | Orc:2    | Found Hitaih's Armour Emporium.
 37423 | Orc:2    | Found Obuosmos's Antique Weapon Boutique.
 37423 | Orc:2    | Found Leitoimn's Antique Armour Shop.
 37423 | Orc:2    | Found Wieps's Distillery.
 37432 | Orc:2    | Bought a potion of berserk rage for 80 gold pieces
 37432 | Orc:2    | Bought a potion of haste for 160 gold pieces
 38522 | Spider:1 | Entered Level 1 of the Spider Nest
 38614 | Spider:1 | Reached skill level 1 in Evocations
 40378 | Spider:2 | Reached skill level 5 in Evocations
 41154 | Spider:2 | You are sucked into a shaft and drop 1 floor!
 41557 | Spider:3 | HP: 7/151 [something (15)]
 41558 | Spider:3 | HP: 2/151 [something (4)]
 41558 | Spider:3 | Slain by a redback

Illustrated notes

Levels and vault maps discovered:
D:1:      roderic_chinese_lattice_arrival, layout_basic,
          minmay_misc_feat_diagonals
D:2:      layout_basic, hellmonk_ecumenical_altar_blasted, uniq_natasha
D:3:      layout_basic, nicolae_elyvilon_peaceful_grove, minitemple,
          mainiacjoe_overflow_chevrons, uniq_robin, uniq_ijyb
D:4:      layout_basic, mainiacjoe_overflow_surrounded_room
D:5:      layout_rooms, nzn_wu_jian_contemplation, general_overflow_altar,
          lemuel_tele_altar, minmay_temple_entry_water_ring,
          minmay_divided_ellipse
D:6:      layout_basic, lemuel_doored_altar, lemuel_round_altar,
          gup_ossuary_entry_pyramid
D:7:      layout_loops_ring, gammafunk_ghost_necromancy, minmay_hedge_maze,
          hex_medium, minmay_crystal_room, nzn_random_ring
D:8:      layout_basic
D:9:      layout_irregular_city, mainiacjoe_overflow_tiny_flanked,
          lair_entry_dummy, serial_shops, nicolae_diamond_shop,
          dk_noncrumbling_3
D:10:     layout_basic, kennysheep_mini_moat, serial_shops, shop,
          gammafunk_ghost_berserking_beasts
D:11:     minmay_blocky_corners, layout_layer_cave, hiddenorc1_lemuel
D:12:     layout_stronghold
D:13:     layout_loops_ring, grunt_vaults_entry_tiered, kennysheep_boxes,
          uniq_nessos
D:14:     layout_roguey, chequers_serial_rivers_large_a
D:15:     gammafunk_depths_entry_grave, layout_stronghold
Temple:   chequers_temple_sunken
Lair:1:   beast_lair_carwin_large_4, layout_layer_cave, uniq_sonja, uniq_grum
Lair:2:   layout_layer_cave, skrybe_swamp_entry_bodies, roderic_batcave,
          eino_house_with_fridge, grunt_megastairs_4
Lair:3:   layout_gridlike, hellmonk_spider_entry_life_and_decay,
          amcnicky_altar_lugonu_corruption
Lair:4:   layout_roguey, slime_entry_1, serial_bayou_shore_a, uniq_snorg
Lair:5:   hellmonk_lair_end_abyssal_woods, layout_gridlike
Spider:1: layout_chambers
Spider:2: layout_spider_delve
Spider:3: layout_spider_delve, hangedman_spider_tarantella_strand
Orc:1:    layout_caves, basic_altar, uniq_urug, uniq_jorgrun, uniq_fannar
Orc:2:    st_orc_ogre_mass, layout_caves, serial_shops, nicolae_square_shop,
          nicolae_shop_hallway_stairs, shop, shop

Skill      XL: |  1  2  3  4  5  6  7  8  9 10 11 12 13 14 15 16 |
---------------+-------------------------------------------------+-----
Axes           | 3 4 5 6 8 9 10 14 16 19 20 | 20.0
Fighting       | 7 10 11 15 16 | 16.3
Armour         | 8 10 14 15 | 15.0
Invocations    | 10 12 14 16 | 16.0
Ranged Weapons | 5 10 | 10.0
Evocations     | 5 |  5.0
Shields        | |  3.2

Action                   |  1- 3 |  4- 6 |  7- 9 | 10-12 | 13-15 | 16-18 || total
-------------------------+-------+-------+-------+-------+-------+-------++-------
Melee: War axe           |    65 |   213 |   317 |   760 |    86 |       ||  1441
       Punch             |       |     2 |     3 |    12 |     2 |       ||    19
       Trident           |       |       |       |     4 |    43 |       ||    47
       Battleaxe         |       |       |       |       |   830 |   299 ||  1129
 Fire: Longbow           |       |       |       |       |    20 |    14 ||    34
Invok: Upheaval          |       |       |       |       |     4 |       ||     4
Evoke: Wand              |       |     1 |     3 |    14 |    22 |       ||    40
       Tin of tremorston |       |       |       |       |     3 |       ||     3
  Use: Scroll            |       |       |     8 |    10 |    12 |     2 ||    32
       Potion            |       |       |       |     1 |     6 |     2 ||     9
 Stab: Paralysed         |       |     6 |     6 |       |     2 |       ||    14
Armor: Scale mail        |    43 |   109 |   121 |    35 |       |       ||   308
       Plate armour      |       |       |       |   339 |   366 |       ||   705
       Chain mail        |       |       |       |       |    48 |   152 ||   200
Dodge: Dodged            |    34 |   102 |   109 |   167 |   383 |   131 ||   926
       Repelled          |       |       |       |     3 |     7 |     1 ||    11
Block: Other             |       |       |    15 |   134 |   257 |    94 ||   500
